 Dungeon Crawl Stone Soup version 0.28-a0-1128-gb845255321 (webtiles) character file.

Game seed: 1495332706500649783

2549 ChaosChampion the Martial Artist (level 9, -6/55 HPs)
             Began as an Octopode Transmuter on Dec 12, 2021.
             Was a Follower of Cheibriados.
             Mangled by an orc warrior (22 damage)
             ... on level 8 of the Dungeon.
             The game lasted 00:18:05 (11048 turns).

ChaosChampion the Martial Artist (OpTm)            Turns: 11048, Time: 00:18:06

Health: -6/55      AC:  2    Str: 12    XL:     9   Next: 56%
Magic:  11/14      EV: 20    Int: 21    God:    Cheibriados [*.....]
Gold:   320        SH:  0    Dex: 19    Spells: 5/15 levels left

rFire   . . .      SeeInvis .     - Unarmed
rCold   . . .      Faith    .   (shield currently unavailable)
rNeg    . . .      Spirit   .   (helmet currently unavailable)
rPois   x          Reflect  .   (no amulet)
rElec   .          Harm     .   (no ring)
rCorr   .          Rampage  .   (no ring)
Will    .....                   (no ring)
Stlth   +++.......              (no ring)
HPRegen 0.18/turn               (no ring)
MPRegen 0.14/turn               (no ring)
                                (no ring)
                                (no ring)

@: spider-form, wereblooded, very slow
A: venomous fangs, almost no armour, (amphibious), 8 rings, tiny, (camouflage
1), (gelatinous body 1), (nimble swimmer 1), (tentacles)
a: End Transformation, Renounce Religion, Bend Time


You were on level 8 of the Dungeon.
You worshipped Cheibriados.
Cheibriados was aware of your devotion.
You were a venomous arachnid creature.
You visited 2 branches of the dungeon, and saw 9 of its levels.

You collected 320 gold pieces.

Inventory:

Jewellery
 e - a ring of fire
 n - a ring of ice
Wands
 l - a wand of iceblast (10)
 o - a wand of mindburst (13)
 p - a wand of acid (8)
Scrolls
 b - a scroll of fog
 c - a scroll of teleportation
 f - a scroll of holy word {unknown}
 h - a scroll of blinking
 j - 2 scrolls of enchant weapon
Potions
 a - a potion of mutation {unknown}
 d - 2 potions of attraction {unknown}
 g - 3 potions of curing
 i - 2 potions of heal wounds
 k - a potion of might
 m - a potion of lignification
 q - a potion of invisibility {unknown}


   Skills:
 + Level 2.5 Fighting
 + Level 3.1 Dodging
 * Level 5.0 Stealth
 - Level 8.0 Unarmed Combat
 + Level 3.8 Spellcasting
 + Level 7.1 Transmutations
 - Level 2.0 Ice Magic
 - Level 3.0 Poison Magic
 + Level 2.3 Invocations


You had 5 spell levels left.
You knew the following spells:

 Your Spells              Type           Power      Damage    Failure   Level
a - Beastly Appendage     Tmut           66%        N/A       4%          1
b - Wereblood             Tmut           33%        N/A       5%          2
c - Spider Form           Tmut/Pois      25%        N/A       14%         3
d - Ice Form              Ice/Tmut       23%        N/A       38%         4

Your spell library contained the following spells:

 Spells                   Type           Power      Damage    Failure   Level
 Petrify                  Tmut/Erth      18%        N/A       50%         4
 Metabolic Englaciation   Hex/Ice        4%         N/A       98%         5
 Statue Form              Tmut/Erth      12%        N/A       100%        6


Dungeon Overview and Level Annotations

Branches:
Dungeon (8/15)             Temple (1/1) D:6
   Lair: D:8-11

Altars:
Ashenzari
Cheibriados
Dithmenos
Elyvilon
Fedhas
Gozag
Hepliaklqana
Kikubaaqudgha
Makhleb
Nemelex Xobeh
Okawaru
Qazlal
Ru
Sif Muna
Trog
Uskayaw
Vehumet
Xom
Yredelemnul
Zin

Shops:
D:1 ?[   D:5 (

Annotations:
D:5 2 runed translucent doors, exclusion: scorpion


Innate Abilities, Weirdness & Mutations

You are a venomous arachnid creature.
You have poisonous fangs.
You are tiny and dextrous.
Your spellcasting is less reliable in this form.
Your armour is entirely melded.
You are incapable of wielding weapons or throwing items.
You cannot wear most types of armour.
((You are amphibious.))
You can wear up to eight rings at the same time.
((Your skin changes colour to match your surroundings (Stealth+).))
((Your rubbery body absorbs attacks. (AC +1, EV +1)))
((You are camouflaged near water. (Stealth+)))
((You have tentacles for arms and can constrict up to eight enemies at once.))


Message History

You hit the orc warrior.
The orc warrior is poisoned.
The orc warrior is lightly wounded.
You hiss as the wereblood boils in your veins!
You hear two shouts!
The orc warrior misses you.
You hit the orc warrior but do no damage.
The orc warrior looks as sick as possible!
The orc warrior is lightly wounded.
The orc warrior completely misses you.
You hit the orc warrior but do no damage.
The orc warrior looks as sick as possible!
The orc warrior is moderately wounded.
The orc closely misses you.
You hit the orc warrior but do no damage.
The orc warrior looks as sick as possible!
The orc warrior is heavily wounded.
The orc warrior closely misses you. The orc barely misses you.
The orc warrior hits you with a +0 dire flail!
You hit the orc warrior.
The orc warrior looks as sick as possible!
The orc warrior is heavily wounded.
The orc warrior completely misses you. The orc misses you.
The orc wizard gestures at you while chanting.
The puff of flame hits you.
You hit the orc warrior but do no damage.
The orc warrior looks as sick as possible!
The orc warrior is severely wounded.
The orc warrior hits you with a +0 dire flail!
The orc closely misses you.
You closely miss the orc warrior.
The orc warrior is almost dead.
The orc warrior barely misses you. The orc warrior closely misses you.
You hit the orc warrior but do no damage.
The orc warrior looks as sick as possible!
The orc warrior is almost dead.
The orc closely misses you.
The orc wizard hits you with a +0 dagger.
* * * LOW HITPOINT WARNING * * *
The orc warrior hits you with a +0 dire flail!!
You die...

................[...#
?.............O.....#
....................#
.....!..............#
....................#
....................#
........o...........#
########oO...........#
#......so............#
+......#.............#
#..?...#.............#
#..>...#.............#
#......#.............#
########.............#
#.........†...#
#.............#
##########....#


You could see a two-headed ogre, an orc warrior (fast, extremely poisoned), an
orc wizard and an orc.

Vanquished Creatures
  A troll (D:8)
  Sigmund (D:5)
  A water moccasin (D:7)
  2 black bears
  An orc warrior (D:7)
  2 necrophages
  A centaur (D:7)
  2 ogres (D:6)
  A phantom (D:6)
  A scorpion (D:7)
  3 bullfrogs
  A water moccasin skeleton (D:5)
  5 howler monkeys
  A vampire bat (D:5)
  A jelly (D:5)
  2 centaur zombies
  6 hounds
  A centaur skeleton (D:7)
  Jessica (D:2)
  A bullfrog skeleton (D:4)
  Ijyb (D:3)
  An iguana (D:5)
  An orc wizard (D:6)
  A mummy (D:4)
  3 gnolls (D:4)
  12 adders
  A shadow imp (D:7)
  A white imp (D:6)
  2 ufetubi
  A worm (D:2)
  A dart slug (D:4)
  3 fire bats (D:5)
  9 orcs
  2 spectral bats (D:5)
  5 ball pythons
  3 bat skeletons (D:5)
  A bat zombie (D:5)
  5 endoplasms
  A giant cockroach (D:2)
  6 goblins
  7 hobgoblins
  4 jackals (D:4)
  2 quokkas
  12 bats
  A bat simulacrum (D:5)
  3 hobgoblin zombies (D:4)
  3 kobolds
  An orc zombie (D:4)
  23 rats
151 creatures vanquished.

Vanquished Creatures (others)
  17 plants (D:4)
17 creatures vanquished.

Grand Total: 168 creatures vanquished

Notes
Turn   | Place    | Note
-------+----------+-------------------------------------------
     0 | D:1      | ChaosChampion the Octopode Transmuter began the quest for
                  | the Orb.
     0 | D:1      | Reached XP level 1. HP: 13/13 MP: 3/3
   159 | D:1      | Found Ataisuk's Magic Scroll Shoppe.
   274 | D:1      | Found Plog's Armour Shoppe.
   432 | D:1      | Reached XP level 2. HP: 18/18 MP: 3/5
   435 | D:1      | Learned a level 2 spell: Wereblood
   984 | D:2      | Noticed Jessica
  1042 | D:2      | Killed Jessica
  1043 | D:2      | Reached skill level 4 in Unarmed Combat
  1043 | D:2      | Reached XP level 3. HP: 19/23 MP: 2/6
  1210 | D:2      | Reached XP level 4. HP: 27/28 MP: 4/7
  1219 | D:2      | Learned a level 3 spell: Spider Form
  1382 | D:2      | Reached skill level 1 in Poison Magic
  2028 | D:2      | Reached XP level 5. HP: 33/33 MP: 1/8
  2968 | D:3      | Noticed Ijyb
  3201 | D:4      | Reached skill level 5 in Unarmed Combat
  3203 | D:4      | Reached XP level 6. HP: 19/38 MP: 3/9
  3414 | D:4      | Noticed a black bear
  3485 | D:3      | Killed Ijyb
  3736 | D:3      | Found a faded altar of an unknown god.
  4765 | D:4      | Killed a black bear
  4925 | D:4      | Reached XP level 7. HP: 43/43 MP: 4/10
  5526 | D:4      | Reached skill level 5 in Transmutations
  5563 | D:5      | Entered Level 5 of the Dungeon
  6025 | D:5      | Reached skill level 6 in Unarmed Combat
  6063 | D:5      | Noticed Sigmund
  6076 | D:5      | Killed Sigmund
  6319 | D:5      | Found a runed translucent door.
  6324 | D:5      | Found a runed translucent door.
  6570 | D:5      | Found Kukhlis's Antique Weapon Shop.
  6591 | D:5      | Reached XP level 8. HP: 48/48 MP: 5/11
  6873 | D:5      | Reached skill level 7 in Unarmed Combat
  6981 | D:5      | Found a radiant altar of Vehumet.
  7554 | D:6      | Found a staircase to the Ecumenical Temple.
  7655 | D:6      | Reached skill level 8 in Unarmed Combat
  7872 | D:7      | Found a stormy altar of Qazlal.
  7944 | Temple   | Entered the Ecumenical Temple
  8058 | Temple   | Became a worshipper of Cheibriados the Contemplative
  8164 | D:6      | Found an opulent altar of Gozag.
  8533 | D:6      | Reached skill level 1 in Stealth
  8715 | D:6      | Learned a level 4 spell: Ice Form
  9364 | D:7      | Reached skill level 1 in Ice Magic
  9480 | D:7      | Reached skill level 1 in Invocations
  9492 | D:7      | Reached XP level 9. HP: 25/54 MP: 7/14
 10090 | D:7      | Reached * piety under Cheibriados
 10798 | D:8      | Found a bloodstained altar of Trog.
 10849 | D:8      | Noticed a troll
 10863 | D:8      | Killed a troll
 11038 | D:8      | Reached skill level 5 in Stealth
 11038 | D:8      | Noticed a two-headed ogre
 11048 | D:8      | Mangled by an orc warrior

Illustrated notes

Levels and vault maps discovered:
D:1:      nagdon_arrival_double_spiral, layout_rooms, serial_shops,
          nicolae_lakefront_shop, nicolae_shop_stone
D:2:      layout_rooms, minmay_rat_hole, uniq_jessica
D:3:      layout_loops_ring, shapermc_ecumenical_altar_hornbeckon, uniq_ijyb
D:4:      cheibrodos_quashed, layout_loops_cross, serial_bayou,
          serial_bayou_lake_a, serial_bayou_lagoon_a, serial_bayou_pond_e,
          serial_bayou_pond_d, minmay_mini_ossuary
D:5:      lemuel_insect_pit, layout_loops_corners, kennysheep_mini,
          serial_shops, shop, goddamned_bats, uniq_sigmund
D:6:      layout_basic, mainiacjoe_overflow_24_doors,
          minmay_temple_entry_from_below_a, chequers_serial_rivers_micro_e
D:7:      layout_cave_pods, nicolae_qazlal_eye_of_the_storm, hex_large
D:8:      layout_gridville, mainiacjoe_overflow_paths,
          nicolae_overflow_hidden_temple, biasface_ghost_orc_armoury
Temple:   kb_temple_of_zot

Skill      XL: |  1  2  3  4  5  6  7  8  9 |
---------------+----------------------------+-----
Unarmed Combat | 4 5 6 8 |  8.0
Transmutations | 3 4 6 7 |  7.1
Poison Magic   | 1 2 3 |  3.0
Spellcasting   | 3 |  3.8
Stealth        | 2 5 |  5.0
Ice Magic      | 1 2 |  2.0
Invocations    | 1 2 |  2.3
Fighting       | 2 |  2.5
Dodging        | 3 |  3.1

Action                   |  1- 3 |  4- 6 |  7- 9 || total
-------------------------+-------+-------+-------++-------
Melee: Unarmed           |    33 |   156 |   222 ||   411
       Constrict         |    11 |    22 |     2 ||    35
       Kick              |     9 |    16 |     1 ||    26
       Tentacles         |     3 |    10 |     2 ||    15
       Punch             |     1 |     3 |     1 ||     5
 Cast: Beastly Appendage |    11 |    21 |     6 ||    38
       Wereblood         |     5 |    24 |    29 ||    58
       Spider Form       |       |    12 |    28 ||    40
       Ice Form          |       |       |     5 ||     5
  Use: Scroll            |       |       |     9 ||     9
       Potion            |       |       |     1 ||     1
 Stab: Sleeping          |     1 |     3 |     5 ||     9
Armor: Skin              |       |     9 |    23 ||    32
Dodge: Dodged            |    13 |    99 |   242 ||   354

Table legend: (Time is in decaauts)
 A = Elapsed time spent in this place.
 B = Non-inter-level travel time spent in this place.
 C = Inter-level travel time spent in this place.
 D = Time resting spent in this place.
 E = Time spent auto-exploring this place.
 F = Levels seen in this place.
 G = Mean time per level.
                   A        B        C        D        E       F      G
               +--------+--------+--------+--------+--------+-----+--------+
         Total |  11448 |  11166 |    282 |   2253 |   7154 |   9 | 1272.0 |
       Dungeon |  11296 |  11014 |    282 |   2253 |   7072 |   8 | 1412.0 |
        Temple |    152 |    152 |      0 |      0 |     82 |   1 |  152.0 |
               +--------+--------+--------+--------+--------+-----+--------+

Top non-repeatable levels by time:
     D:4: 2123 daAuts
     D:7: 1924 daAuts
     D:3: 1573 daAuts
     D:5: 1541 daAuts
     D:6: 1488 daAuts
     D:2: 1173 daAuts
     D:1: 1121 daAuts
     D:8: 349 daAuts
  Temple: 152 daAuts
